cohdb
Replays
Latest Replays
All Replays
Popular Replays
Top Player Replays
Match Explorer
How It Works
Community
CoH3 Stats
Reddit
Sign in to upload your games and track your stats! →
Sign in with Steam
Match 42542839
Unlisted
Match 42542839
Overview
Messages
Build Orders
End
Construct Infanterie Kompanie
Selects Breakthrough Battlegroup
Grenadier Squad
MG 42 Machine Gun Team
GrW 34 Mortar Team
Selects Assault Grenadiers
Grenadier Squad
Medical Station
GrW 34 Mortar Team
Construct Luftwaffe Kompanie
Selects 2.5-tonne Cargo Truck
Support Elements
Jäger Squad
Wirbelwind Flakpanzer
Selects Blitzkrieg
Jäger Squad
Construct Panzergrenadier Kompanie
Pak 40 Anti-tank Gun Team
Pioneer Squad
Jäger Squad
Nebelwerfer 42 Rocket Launcher Team
Big Bang
α∂h@m
辉夜之翼
我的辫子在心中
A_Smoove
[KOR]전용호
luchianohan
huhrmit
0
0
Comments
sign in to comment!
No comments posted yet!